 Dungeon Crawl Stone Soup version 0.20.1-1-g8b1a95d (webtiles) character file.

71 Sayu92 the Skirmisher (level 4, 0/29 HPs)
             Began as a Gargoyle Fighter on Dec 12, 2017.
             Killed by divine providence
             ... invoked by an orc priest
              (14 damage)
             ... on level 3 of the Dungeon.
             The game lasted 00:07:34 (1376 turns).

Sayu92 the Skirmisher (Gargoyle Fighter)            Turns: 1376, Time: 00:07:45

Health: 0/29       AC: 10    Str: 22    XL:     4   Next: 24%
Magic:  4/4        EV:  7    Int:  9    God:
Gold:   153        SH: 13    Dex:  9    Spells: 3/3 levels left

rFire    . . .     SeeInvis .   a - +1 flail
rCold    . . .     Gourm    .   c - +0 shield
rNeg     + . .     Faith    .   b - +0 scale mail
rPois    ∞         Spirit   .   (no helmet)
rElec    +         Reflect  .   (no cloak)
rCorr    .         Harm     .   (no gloves)
MR       .....     Clarity  +   (no boots)
Stlth    ..........             (no amulet)
Regen    0.1/turn               (no ring)
MPRegen  0.1/turn               (no ring)

@: no status effects
A: large bone plates 1, clarity, negative energy resistance 1, electricity
resistance, strong 1, unbreathing, petrification resistance, rot immunity, AC +3
a: no special abilities


You were on level 3 of the Dungeon.
You were not hungry.

You visited 1 branch of the dungeon, and saw 3 of its levels.

You collected 153 gold pieces.

Inventory:

Hand Weapons
 a - a +1 flail (weapon)
Missiles
 p - 2 throwing nets (quivered)
Armour
 b - a +0 scale mail (worn)
 c - a +0 shield (worn)
Scrolls
 h - a scroll of recharging {unknown}
 j - 2 scrolls of teleportation
 m - a scroll of enchant armour {unknown}
Potions
 d - 2 potions of might
 e - a potion of mutation
 g - a potion of haste
 i - a potion of agility
 l - a potion of flight {unknown}
 o - a potion of lignification {unknown}
Comestibles
 f - 3 bread rations
 k - 3 chunks of flesh


   Skills:
 + Level 4.0 Fighting
 * Level 3.3 Maces & Flails
 + Level 3.8 Armour
 - Level 3.2 Shields


You had 3 spell levels left.
You didn't know any spells.

Dungeon Overview and Level Annotations

Branches:
Dungeon (3/15)

Altars:
Fedhas


Innate Abilities, Weirdness & Mutations

You are resistant to torment.
Your stone body is resilient. (AC +3)
You are immune to poison.
You resist negative energy. (rN+)
You are resistant to electric shocks. (rElec)
You can survive without breathing.
You are immune to petrification.
You are immune to rotting.
You are partially covered in large bone plates. (SH +4)
You possess an exceptional clarity of mind.
Your muscles are strong. (Str +2)


Message History

You barely miss the gnoll.
The gnoll is almost dead.
You block the gnoll's attack.
You sock the gnoll!
You kill the gnoll!
You see here a gnoll corpse.
Okay, then.
You butcher the gnoll corpse.
k - 4 chunks of flesh Eat one of 4 chunks of flesh? (ye/n/q)
You eat one of the 4 chunks of flesh.
This raw flesh tastes terrible.
There is a stone staircase leading down here.
You climb downwards.
The orc priest invokes the aid of Beogh against you.
Beogh smites you!
Ouch! That really hurt!
The orc closely misses you.
The orc priest invokes the aid of Beogh against you.
Beogh smites you!
You die...

###
..#
#g#
#.#
#g#
#g#
#o#
#@#
#.#
#o#
#.#
#o#
#.#
#..
#.#


You could see an orc priest, 3 gnolls and 2 orcs.

Vanquished Creatures
  A gnoll (D:2)
  2 adders (D:2)
  2 worms (D:2)
  A dart slug (D:1)
  A giant cockroach (D:2)
  11 goblins
  4 hobgoblins
  A quokka (D:2)
  3 bats
  2 frilled lizards
  3 kobolds
  5 rats
36 creatures vanquished.

Notes
Turn   | Place    | Note
-------+----------+-------------------------------------------
     0 | D:1      | Sayu92 the Gargoyle Fighter began the quest for the Orb.
     0 | D:1      | Reached XP level 1. HP: 14/14 MP: 1/1
   149 | D:1      | Reached XP level 2. HP: 19/19 MP: 2/2
   744 | D:2      | Reached XP level 3. HP: 23/24 MP: 3/3
   796 | D:2      | Gained mutation: You are partially covered in large bone plates. (SH +4) [potion of mutation]
   796 | D:2      | Gained mutation: Your muscles are strong. (Str +2) [potion of mutation]
   796 | D:2      | Gained mutation: You possess an exceptional clarity of mind. [potion of mutation]
   942 | D:2      | Noticed a hippogriff
   958 | D:2      | Reached skill level 4 in Fighting
  1052 | D:2      | Reached XP level 4. HP: 29/29 MP: 4/4
  1145 | D:2      | Found a blossoming altar of Fedhas.
  1376 | D:3      | Killed from afar by an orc priest

Skill      XL: |  1  2  3 |
---------------+----------+-----
Maces & Flails | 3 |  3.3
Fighting       | 4 |  4.0
Armour         | |  3.8
Shields        | |  3.2

Action                   |  1- 3 |  4- 6 || total
-------------------------+-------+-------++-------
Melee: Flail             |    92 |    20 ||   112
  Use: Scroll            |     3 |     1 ||     4
       Potion            |     1 |       ||     1
  Eat: Chunk             |     1 |     1 ||     2
Armor: Scale mail        |    39 |     4 ||    43
Dodge: Dodged            |    19 |     4 ||    23
Block: Shield            |    40 |    14 ||    54
